 Dungeon Sprint DCSS version 0.22.1-1-ga44c0e56f4 (webtiles) character file.

1201 MuseOD the Covert (level 8, -9/69 HPs)
             Began as a Spriggan Enchanter on Sept 25, 2018.
             Was a Follower of Dithmenos.
             Mangled by a deep elf knight
             ... wielding a +0 short sword
              (21 damage)
             ... in the Dungeon (Sprint V: "Ziggurat Sprint").
             The game lasted 00:02:01 (140 turns).

MuseOD the Covert (Spriggan Enchanter)               Turns: 140, Time: 00:02:02

Health: -9/69      AC:  2    Str:  9    XL:     8   Next: 21%
Magic:  3/13       EV: 19    Int: 24    God:    Dithmenos [*.....]
Gold:   0          SH:  0    Dex: 23    Spells: 6/12 levels left

rFire    . . .     SeeInvis +   v - +5 quick blade
rCold    . . .     Gourm    .   (shield restricted)
rNeg     . . .     Faith    .   b - +0 robe
rPois    .         Spirit   .   (helmet restricted)
rElec    .         Reflect  .   (no cloak)
rCorr    .         Harm     .   (gloves unavailable)
MR       +....     NoTele   +   (boots unavailable)
Stlth    ..........             (no amulet)
HPRegen  0.21/turn              y - +6 ring of dexterity
MPRegen  0.13/turn              A - +6 ring of intelligence

@: berserking, very slightly contaminated, wreathed by umbra, very quick
A: very small, unfitting armour, see invisible, herbivore, speed 3, slow
metabolism 2
a: Renounce Religion


You were in the Dungeon.
You worshipped Dithmenos.
Dithmenos was aware of your devotion.
You were not hungry.

You visited 1 branch

Inventory:

Hand Weapons
 v - a +5 quick blade (weapon)
Armour
 b - a +0 robe (worn)
Jewellery
 m - the ring "Exkyc" {Wiz rC+ Str+2}
   (You found it in the Dungeon)

   [ring of wizardry]

   It improves your spell success rate.
   It affects your strength (+2).
   It protects you from cold.
 y - a +6 ring of dexterity (left hand)
 z - an uncursed ring of stealth
 A - a +6 ring of intelligence (right hand)
Wands
 a - a wand of disintegration (7)
 w - a wand of iceblast (7)
 x - a wand of acid (7)
Scrolls
 j - 4 scrolls of blinking
 p - 4 scrolls of amnesia
 q - 7 scrolls of fog
 r - a scroll of holy word
 s - 5 scrolls of identify
 t - 5 scrolls of remove curse
 u - 2 scrolls of fear
Potions
 c - 2 potions of brilliance
 e - 10 potions of curing
 f - 10 potions of heal wounds
 g - 6 potions of haste
 h - 7 potions of magic
 i - 2 potions of berserk rage
 k - a potion of invisibility
 l - 4 potions of resistance
 n - 5 potions of agility
 o - 5 potions of might
Comestibles
 d - 7 rations


   Skills:
 + Level 7.5 Fighting
 * Level 13.4 Short Blades
 - Level 3.0 Dodging
 + Level 14.0 Stealth
 - Level 2.6 Spellcasting
 - Level 3.6 Hexes
 - Level 4.0 Evocations


You had 6 spell levels left.
You knew the following spells:

 Your Spells              Type           Power        Failure   Level  Hunger
a - Corona                Hex            ###....      2%          1    None
b - Ensorcelled Hibernat  Hex/Ice        ##....       9%          2    ##.....
c - Confuse               Hex            ###.....     8%          3    ###....

Your spell library contained the following spells:

 Spells                   Type           Power        Failure   Level  Hunger
 Tukima's Dance           Hex            ###.....     8%          3    ###....
 Dazzling Spray           Conj/Hex       ##....       16%         3    ###....


Dungeon Overview and Level Annotations

Branches:
Dungeon (1/1)

Altars:
Ashenzari
Cheibriados
Dithmenos
Elyvilon
Fedhas
Gozag
Hepliaklqana
Kikubaaqudgha
Makhleb
Nemelex Xobeh
Okawaru
Qazlal
Ru
Sif Muna
Trog
Uskayaw
Vehumet
Wu Jian
Xom
Yredelemnul
Zin
The Shining One
Beogh
Jiyva
Lugonu

Annotations:
D 1 transporter


Innate Abilities, Weirdness & Mutations

You are very small and have problems with some larger weapons.
You are too small for most types of armour.
You have supernaturally acute eyesight. (SInv)
You are a herbivore.
You cover ground extremely quickly.
You need to consume almost no food.


Message History

The deep elf mage is almost dead.
You puncture the deep elf mage!
You kill the deep elf mage!
Dithmenos accepts your kill.
You are shrouded in an aura of darkness!
Your Fighting skill increases to level 7!
Your Short Blades skill increases to level 13!
Your Stealth skill increases to level 14!
You have reached level 8!
The deep elf knight points at you and mumbles some strange words.
The stone arrow hits you!
Ouch! That really hurt!
* * * LOW HITPOINT WARNING * * *
You puncture the deep elf knight!
The deep elf knight is moderately wounded.
You closely miss the deep elf knight.
The deep elf knight is moderately wounded.
You feel a strong urge to attack something.
The deep elf knight hits you with a short sword!!
You die...

▓▓▓▓▓▓▓▓▓▓▓▓▓
▓.8©8.▓.8©8.▓
▓.|[).▓.....▓
▓.....▓.....▓
▓...eo▓...).▓
▓..@..▓.....▓
▓.....▓..©).▓
▓..©..▓▓▓▓▓▓▓
▓▓▓▓▓▓▓


You could see an orc high priest and a deep elf knight.

Vanquished Creatures
  A dancing weapon (D)
  A deep elf knight (D)
  A deep elf mage (D)
3 creatures vanquished.

Notes
Turn   | Place    | Note
-------+----------+-------------------------------------------
     0 | D        | Found the +6 Majin-Bo {vamp, Archmagi MP+6 Int+6}
     0 | D        | Found the +7 great mace "Firestarter" {inner flame, rF++}
     0 | D        | MuseOD the Spriggan Enchanter began the quest for the Orb.
     0 | D        | Reached XP level 1. HP: 9/9 MP: 5/5
     0 | D        | Found a deep blue altar of Sif Muna.
     0 | D        | Found a bloodstained altar of Trog.
     0 | D        | Found a sacrificial altar of Ru.
     0 | D        | Found a stormy altar of Qazlal.
     0 | D        | Found an iron altar of Okawaru.
     2 | D        | Found a sparkling altar of Nemelex Xobeh.
     2 | D        | Found a blossoming altar of Fedhas.
     4 | D        | Found a transporter.
     4 | D        | Found an ancient bone altar of Kikubaaqudgha.
     4 | D        | Found a viscous altar of Jiyva.
     4 | D        | Found a corrupted altar of Lugonu.
     4 | D        | Found a hazy altar of Hepliaklqana.
     4 | D        | Found a burning altar of Makhleb.
     4 | D        | Found an opulent altar of Gozag.
    43 | D        | Became a worshipper of Dithmenos the Shadowed
    44 | D        | Reached skill level 5 in Short Blades
    44 | D        | Reached skill level 6 in Stealth
    44 | D        | Reached XP level 2. HP: 16/16 MP: 6/6
    52 | D        | Learned a level 2 spell: Ensorcelled Hibernation
    56 | D        | Entered arena 2.
    56 | D        | Noticed a battleaxe of distortion
    56 | D        | Noticed a deep elf knight
    56 | D        | Found a transporter.
    61 | D        | Killed a battleaxe of distortion
    61 | D        | Reached skill level 5 in Fighting
    61 | D        | Reached skill level 10 in Stealth
    61 | D        | Reached XP level 3. HP: 23/23 MP: 5/8
    61 | D        | Reached XP level 4. HP: 27/27 MP: 5/9
    61 | D        | Reached XP level 5. HP: 30/30 MP: 5/10
    67 | D        | Killed a deep elf knight
    67 | D        | Reached skill level 13 in Stealth
    67 | D        | Reached XP level 6. HP: 37/37 MP: 5/11
    67 | D        | Reached XP level 7. HP: 41/41 MP: 5/12
    69 | D        | Got the ring "Exkyc" {Wiz rC+ Str+2}
   124 | D        | Learned a level 3 spell: Confuse
   126 | D        | Entered arena 3.
   126 | D        | Noticed a deep elf mage
   126 | D        | Noticed a deep elf knight
   126 | D        | Noticed an orc high priest
   126 | D        | Found a transporter.
   136 | D        | Killed a deep elf mage
   136 | D        | Reached * piety under Dithmenos
   136 | D        | Reached skill level 14 in Stealth
   136 | D        | Reached XP level 8. HP: 46/46 MP: 3/13
   140 | D        | Mangled by a deep elf knight

Skill      XL: |  1  2  3  4  5  6  7 |
---------------+----------------------+-----
Fighting       | 2 5 6 7 |  7.5
Short Blades   | 5 9 12 13 | 13.4
Stealth        | 6 10 13 14 | 14.0
Evocations     | 4 |  4.0
Dodging        | |  3.0
Spellcasting   | |  2.6
Hexes          | |  3.6

Action                   |  1- 3 |  4- 6 |  7- 9 || total
-------------------------+-------+-------+-------++-------
Melee: Quick blade       |     1 |     5 |     6 ||    12
 Cast: Ensorcelled Hiber |     1 |       |       ||     1
       Confuse           |       |       |     1 ||     1
  Use: Potion            |     2 |       |     1 ||     3
 Stab: Invisible         |     1 |     2 |       ||     3
Dodge: Dodged            |     1 |       |     4 ||     5
